 Dungeon Crawl Stone Soup version 0.19.1-1-g22dce08 (webtiles) character file.

99 Alarkh the Chopper (level 4, -18/38 HPs)
             Began as a Draconian Monk on Jan 4, 2017.
             Demolished by a small abomination (20 damage)
             ... created by the touch of Lugonu
             ... on level 2 of the Dungeon.
             The game lasted 00:02:16 (1961 turns).

Alarkh the Chopper (Draconian Monk)                 Turns: 1961, Time: 00:02:16

Health: -18/38     AC:  5    Str: 13    XL:     4   Next: 45%
Magic:  4/4        EV: 13    Int: 11    God:
Gold:   93         SH:  0    Dex: 14    Spells: 0 memorised, 3 levels left

rFire  . . .     SeeInvis .     n - +2 flail (protect)
rCold  . . .     Gourm    .     (armour unavailable)
rNeg   . . .     Faith    .     (no shield)
rPois  .         Spirit   .     (helmet restricted)
rElec  .         Reflect  .     (no cloak)
rCorr  .         Harm     .     (no gloves)
MR     .....                    (no boots)
Stlth  ++........               (no amulet)
                                (no ring)
                                (no ring)

@: no status effects
A: unfitting armour, cold-blooded, AC +5
a: no special abilities


You were on level 2 of the Dungeon.
You were very hungry.

You visited 1 branch of the dungeon, and saw 3 of its levels.

You collected 93 gold pieces.

Inventory:

Hand Weapons
 a - a +0 hand axe
 n - a +2 flail of protection (weapon)
 w - a +1 spear of flaming
Jewellery
 e - an uncursed ring of see invisible {unknown}
Scrolls
 g - a scroll of remove curse {unknown}
 h - a scroll of fog {unknown}
 k - a scroll of enchant weapon {unknown}
 l - 2 scrolls of teleportation {unknown}
 m - a scroll of noise {unknown}
 q - 4 scrolls of random uselessness {unknown}
 s - 2 scrolls of identify {unknown}
 t - a scroll of magic mapping {unknown}
 u - a scroll of amnesia {unknown}
Potions
 c - a potion of curing
 d - a potion of agility {unknown}
 i - a potion of lignification {unknown}
 j - a potion of degeneration {unknown}
 p - a potion of might {unknown}
 v - a potion of berserk rage {unknown}
Comestibles
 b - 3 bread rations
 f - a meat ration
 o - a beef jerky
 r - a slice of pizza


   Skills:
 - Level 3.2 Fighting
 + Level 5.3 Axes
 - Level 2.6 Dodging
 - Level 1.7 Stealth


You had 3 spell levels left.
You didn't know any spells.

Dungeon Overview and Level Annotations

Branches:
Dungeon (3/15)

Altars:
Lugonu


Innate Abilities, Weirdness & Mutations

Your plain brown scales are hard. (AC +5)
You cannot fit into any form of body armour.
You are cold-blooded and may be slowed by cold attacks.


Message History

Space bends around you!
You blink.
Lugonu sends minions to punish you.
A small abomination comes into view.
The small abomination barely misses you.
The small abomination hits you!
The small abomination hits you but does no damage.
The small abomination closely misses you.
The small abomination misses you. The small abomination hits you!
* * * LOW HITPOINT WARNING * * *
The small abomination hits you but does no damage.
The small abomination misses you.
The small abomination barely misses you.
The small abomination misses you.
The small abomination closely misses you.
The small abomination barely misses you.
There is a stone staircase leading up here.
The small abomination hits you!!
Ouch! That really hurt!
You die...

#.......##.#####.#
#.#.###.##.# #.#
###.#.###.##.# #.#
....#.##...#.# #.#
.####.#......# #.#
.####........#
###.#
.##.####..####
#...# .....# #.##
#.### .##.## #.#
#@# .##.# #.# #x#
.##.# #.# #.#
.##.# #.# #.#
.##.# #.# #.#
.##.####.#### #.#
............####.#
##.#####.##......#
#...# #.#########


You could see a small abomination.

Vanquished Creatures
  2 adders (D:2)
  A gnoll (D:3)
  An ooze (D:1)
  7 dart slugs
  5 bats
  2 giant cockroaches (D:1)
  4 goblins
  7 hobgoblins
  3 jackals (D:3)
  2 quokkas (D:2)
  2 ball pythons
  A frilled lizard (D:2)
  5 kobolds (D:1)
  10 rats
52 creatures vanquished.

Notes
Turn   | Place    | Note
-------+----------+-------------------------------------------
     0 | D:1      | Alarkh the Draconian Monk began the quest for the Orb.
     0 | D:1      | Reached XP level 1. HP: 19/19 MP: 1/1
    49 | D:1      | Reached XP level 2. HP: 19/26 MP: 2/2
   140 | D:1      | Reached skill level 4 in Axes
   210 | D:1      | Reached XP level 3. HP: 16/31 MP: 3/3
   784 | D:2      | Reached XP level 4. HP: 38/38 MP: 4/4
   865 | D:2      | Reached skill level 5 in Axes
  1525 | D:3      | Found a faded altar of an unknown god.
  1556 | D:3      | Became a worshipper of Lugonu the Unformed
  1556 | D:3      | Reached * piety under Lugonu
  1556 | D:3      | Reached ** piety under Lugonu
  1556 | D:3      | Reached *** piety under Lugonu
  1557 | D:3      | Fell from the grace of Lugonu
  1932 | D:2      | Noticed a small abomination
  1948 | D:2      | HP: 1/38 [small abomination[the touch of Lugonu] (14)]
  1961 | D:2      | Demolished by a small abomination

Skill      XL: |  1  2  3  4 |
---------------+-------------+-----
Axes           | 4 5 |  5.3
Fighting       | |  3.2
Dodging        | |  2.6
Stealth        | |  1.7

Action                   |  1- 3 |  4- 6 || total
-------------------------+-------+-------++-------
Melee: Hand axe          |    94 |    40 ||   134
       Tailslap          |    10 |     7 ||    17
       Flail             |       |    11 ||    11
Invok: Renounce Religion |       |     1 ||     1
  Use: Potion            |       |     1 ||     1
 Stab: Sleeping          |     6 |     2 ||     8
  Eat: Chunk             |       |     2 ||     2
Armor: Skin              |    25 |    31 ||    56
Dodge: Dodged            |    67 |    46 ||   113
